AoeStats
← crypto_zhupel

Arena

509135522Analyzed
2v2 RM · 5d ago on Sep 25, 2026· 53m 40s· 4 players
Game mode
Random Map
Map size
Medium (4 player)
Population
200
Speed
Normal
Resources
Standard
Victory
Conquest
Starting age
Dark Age
Ending age
Imperial Age
RankedLock teamsTeams togetherTeam positionsShared explorationLock speedFull tech treeHidden civsTurbo modeCheats
Victory
Defeat
🇦🇷 Teutons · Argentina
1521
+11
🇺🇸 Bohemians · United States
1464
+14
🇷🇺 Saxons · Russia
1417
-13
🇷🇺 Danes · Russia
1400
-12
Vedette87
10:43 Feudal Age
14:22 Castle Age
12:12 Double-Bit Axe
12:25 Horse Collar
19:17 Bow Saw
20:44 Wheelbarrow
20:57 Heavy Plow
22:01 Hand Cart
22:20 Town Watch
22:49 Loom
30:06 Imperial Age
29:12 Chemistry
28:44 Town Patrol
31:34 Ballistics
31:57 Padded Archer Armor
32:06 Wagenburg Tactics
32:29 Siege Engineers
31:54 Houfnice
33:19 Conscription
33:23 Leather Archer Armor
33:46 Fletching
34:19 Ballistics
34:32 Bodkin Arrow
35:11 Ring Archer Armor
37:32 Bracer
37:44 Masonry
36:57 Elite Hussite Wagon
42:56 Forging
42:46 Scale Mail Armor
43:02 Pikeman
43:43 Squires
44:01 Guilds
44:56 Two-Man Saw
zzy846362
8:51 Feudal Age
7:19 Loom
9:23 Double-Bit Axe
10:16 Fletching
21:53 Castle Age
20:28 Gold Mining
20:43 Horse Collar
22:15 Scale Barding Armor
24:56 Bow Saw
26:01 Heavy Plow
27:30 Wheelbarrow
27:09 Bloodlines
27:16 Forging
27:15 Town Watch
29:14 Stone Mining
29:46 Hand Cart
32:01 Bodkin Arrow
32:27 Chain Barding Armor
33:44 Iron Casting
33:24 Scale Mail Armor
36:43 Imperial Age
38:52 Crop Rotation
39:55 Plate Barding Armor
39:55 Iron Casting
39:47 Cavalier
40:47 Town Patrol
40:49 Padded Archer Armor
41:04 Elite Skirmisher
43:57 Leather Archer Armor
44:41 Paladin
46:55 Two-Man Saw
46:29 Ring Archer Armor
50:41 Pikeman
51:26 Squires
51:28 Scale Mail Armor
52:03 Iron Casting
51:22 Halberdier
54:59 Blast Furnace
crypto_zhupel
10:16 Feudal Age
14:03 Castle Age
13:28 Double-Bit Axe
15:05 Bow Saw
19:54 Horse Collar
21:25 Heavy Plow
22:11 Wheelbarrow
23:14 Hand Cart
23:12 Scale Mail Armor
24:10 Chain Mail Armor
23:25 Pikeman
24:13 Squires
24:57 Forging
24:43 Arson
24:49 Gambesons
25:08 Stone Mining
25:10 Gold Mining
26:19 Iron Casting
25:35 Loom
26:42 Town Watch
31:27 Imperial Age
29:09 Masonry
32:02 Gold Shaft Mining
32:26 Siege Engineers
33:22 Chemistry
32:20 Stone Mining
31:58 Elite Varangian Guard
33:22 Plate Mail Armor
34:17 Blast Furnace
33:13 Onager
37:15 Hamask
38:17 Conscription
37:20 Hamask
38:34 Fletching
44:39 Stone Shaft Mining
44:14 Northmen's Fury
45:30 Bodkin Arrow
49:12 Hoardings
49:18 Bracer
youteGG_mangoneluser
10:48 Feudal Age
15:21 Castle Age
21:15 Gold Mining
22:04 Double-Bit Axe
23:04 Wheelbarrow
24:24 Town Watch
26:47 Horse Collar
31:07 Imperial Age
28:44 Scale Mail Armor
29:24 Forging
29:58 Squires
29:45 Gambesons
29:47 Arson
30:38 Chain Mail Armor
32:22 Plate Mail Armor
32:27 Iron Casting
32:02 Loom
32:32 Hand Cart
32:45 Fletching
32:56 Padded Archer Armor
33:23 Heavy Mounted Crossbowman
34:25 Bodkin Arrow
34:45 Leather Archer Armor
34:58 Conscription
35:04 Bow Saw
35:06 Cranequins
35:53 Bracer
36:37 Thumb Ring
37:08 Ring Archer Armor
37:39 Ballistics
38:20 Chemistry
37:46 Heavy Plow
38:18 Husbandry
38:29 Bloodlines
38:09 Light Cavalry
40:04 Guard Tower
40:52 Masonry
42:22 Keep
42:18 Architecture
43:28 Elite Skirmisher
44:22 Scale Barding Armor
44:52 Iron Casting
44:42 Hussar
46:10 Chain Barding Armor
46:04 Town Patrol
46:52 Hoardings
49:33 Siege Engineers
49:42 Stone Mining
50:27 Gold Shaft Mining
Connection lost

Rejoining the realm…

Still unreachable

The connection could not be restored.

Session expired

The server has moved on; the page needs a fresh start.